 Dungeon Crawl Stone Soup version 0.32-a0-290-g598725c5f2 (webtiles) character file.

Game seed: 14078402821697251336

953 lunkers the Gusty (level 8, -2/67 HPs)
             Began as an Oni Air Elementalist on Feb 13, 2024.
             Was a Follower of Vehumet.
             Slain by an orc warrior
             ... wielding a +3 trident of venom
              (11 damage)
             ... on level 5 of the Dungeon.
             The game lasted 00:08:45 (5138 turns).

lunkers the Gusty (Oni Air Elementalist)            Turns: 5138, Time: 00:08:46

Health: -2/67      AC:  4    Str: 13    XL:     8   Next: 14%
Magic:  3/17       EV:  9    Int: 18    God:    Vehumet [*.....]
Gold:   215        SH:  0    Dex:  9    Spells: 9/19 levels left

rFire   . . .        o - +2 flail (venom)
rCold   . . .        (no shield)
rNeg    . . .        a - +1 robe
rPois   .            (helmet restricted)
rElec   .            (no cloak)
rCorr   .            (gloves unavailable)
SInv    .            (boots unavailable)
Will    +....        (no amulet)
Stlth   +            p - ring of willpower
HPRegen 0.31/turn    e - ring of wizardry
MPRegen 0.15/turn

%: wizardry (x1)
@: lethally poisoned (-2 -> -37)
A: large, unfitting armour, horns 1, tough skin 1, double potion healing,
drunken brawling
a: Renounce Religion


You were on level 5 of the Dungeon.
You worshipped Vehumet.
Vehumet was aware of your devotion.
You visited 1 branch of the dungeon, and saw 5 of its levels.

You collected 215 gold pieces.

Inventory:

Hand Weapons
 o - a +2 flail of venom (weapon)
Missiles
 d - 2 throwing nets
Armour
 a - a +1 robe (worn)
Magical Staves
 f - a staff of death
Jewellery
 b - a ring of willpower
 e - a ring of wizardry (right hand)
 m - a ring of flight
 p - a ring of willpower (left hand)
Wands
 i - a wand of charming (6)
Scrolls
 c - 3 scrolls of enchant armour
 h - a scroll of blinking
Potions
 g - 2 potions of invisibility
 j - a potion of ambrosia {unknown}
 k - 3 potions of might
 n - a potion of heal wounds {unknown}
 q - 3 potions of curing
 r - a potion of cancellation {unknown}


   Skills:
 - Level 1.7 Dodging
 - Level 1.4 Stealth
 + Level 6.2 Spellcasting
 - Level 0.8 Conjurations
 * Level 7.3 Air Magic


You had 9 spell levels left.
You knew the following spells:

 Your Spells              Type           Power      Damage    Failure   Level
a - Shock                 Conj/Air       80%        1d8       1%          1
b - Static Discharge      Conj/Air       40%        3-5/arc   1%          2
c - Swiftness             Air            32%        N/A       1%          3
d - Airstrike             Air            16%        2d(3-19)  2%          4

Your spell library contained the following spells:

 Spells                   Type           Power      Damage    Failure   Level
 Kiss of Death            Conj/Necr      28%        2d7       4%          1
 Mercury Vapours          Alch/Air       36%        N/A       1%          2
 Sting                    Conj/Alch      28%        1d4       4%          1
 Summon Lightning Spire   Summ/Air       18%        N/A       11%         4
 Olgreb's Toxic Radiance  Alch           5%         N/A       41%         4


Dungeon Overview and Level Annotations

Branches:
Dungeon (5/15)             Temple (0/1) D:4

Altars:
Trog
Vehumet

Shops:
D:2 =


Innate Abilities, Weirdness & Mutations

You are too large for most types of armour.
You have a pair of small horns on your head.
You have tough skin. (AC +1)
You gain doubled healing and magic from potions.
Whenever you drink a healing potion, you attack all around you.


Message History

The adder bites you but does no damage.
Unknown command.
You closely miss the adder.
The adder is almost dead.
The adder bites you.
You are poisoned.
The adder poisons you! The gnoll barely misses you.
The adder closely misses you. The gnoll hits you but does no damage.
Unknown command.
You sock the gnoll!
The gnoll is heavily wounded.
You feel sick. The adder closely misses you.
The orc warrior hits you from afar with a +3 trident of venom!
You are more poisoned.
The gnoll hits you but does no damage. The adder misses you.
You hit the gnoll.
The gnoll is poisoned.
The gnoll is heavily wounded.
You feel extremely sick.
You kill the adder!
Vehumet accepts your kill.
The orc warrior hits you from afar with a +3 trident of venom!
* * * LOW HITPOINT WARNING * * *
You are more poisoned.
The gnoll hits you with a +0 club.
* * * LOW HITPOINT WARNING * * *
The orc warrior closely misses you.
Unknown command.
Unknown command.
Casting: Airstrike (dangerous; 2% risk of failure)
Confirm with . or Enter, or press ? or * to list all spells.
The gnoll is struck by an arc of lightning.
You kill the gnoll!
Vehumet accepts your kill.
You are struck by an arc of lightning.
* * * LOW HITPOINT WARNING * * *
* * * LOW MAGIC WARNING * * *
* * * LOW HITPOINT WARNING * * *
You feel extremely sick.
The orc warrior hits you from afar with a +3 trident of venom!
You die...

.##...###..# #.#.....#
##...#..[#...
##.#.....#
#......##...
#..#.....# ##.o...##..
#.##.....# ##...###..
#.##.....# #...###.#
#.##.....# ##.#..##.#
##.########
#####..##..#.#####...#
.........#...#o)@†...#
.........#.....###...#
.........#..#### #####
.........#.##
.......)...#
.........###
.........# .........#
.........#


You could see an orc warrior.

Vanquished Creatures
  A black bear (D:5)
  An ice beast (D:4)
  2 ogres (D:5)
  A howler monkey (D:4)
  A bombardier beetle (D:3)
  2 hounds
  A gnoll bouda (D:5)
  3 iguanas (D:5)
  Natasha (twice) (D:3)
  2 orc wizards (D:4)
  A statue (D:3)
  4 gnolls
  4 adders
  2 ribbon worms (D:2)
  2 dart slugs
  12 orcs
  5 bats
  9 endoplasms
  6 giant cockroaches
  5 goblins
  3 hobgoblins
  5 jackals
  6 quokkas
  9 ball pythons
  2 frilled lizards (D:3)
  3 kobolds
  3 rats
97 creatures vanquished.

Notes
Turn   | Place    | Note
-------+----------+-------------------------------------------
     0 | D:1      | lunkers the Oni Air Elementalist began the quest for the
                  | Orb.
     0 | D:1      | Reached XP level 1. HP: 16/16 MP: 3/3
   164 | D:1      | Reached skill level 3 in Air Magic
   194 | D:1      | Reached XP level 2. HP: 24/24 MP: 2/5
   819 | D:1      | Reached XP level 3. HP: 31/31 MP: 5/7
   960 | D:1      | Learned a level 2 spell: Static Discharge
   964 | D:1      | Learned a level 3 spell: Swiftness
  1656 | D:2      | Reached XP level 4. HP: 39/39 MP: 7/9
  2034 | D:2      | Reached skill level 4 in Air Magic
  2059 | D:2      | Found Qikkeq's Jewellery Emporium.
  2084 | D:2      | Found a faded altar of an unknown god.
  2275 | D:3      | Found a radiant altar of Vehumet.
  2275 | D:3      | Noticed a charred statue
  2284 | D:3      | Learned a level 4 spell: Airstrike
  2459 | D:3      | Reached XP level 5. HP: 45/45 MP: 3/10
  3013 | D:3      | Noticed Natasha
  3019 | D:3      | Killed Natasha
  3232 | D:3      | Noticed Natasha
  3236 | D:3      | Killed Natasha
  3309 | D:3      | Killed a charred statue
  3310 | D:3      | Reached skill level 5 in Air Magic
  3310 | D:3      | Reached XP level 6. HP: 45/53 MP: 7/12
  3315 | D:3      | Became a worshipper of Vehumet
  3424 | D:4      | Identified the +6 leather armour of Xom's Hope {Fly rC-
                  | Int+2}
  3842 | D:4      | Found a staircase to the Ecumenical Temple.
  4263 | D:5      | Entered Level 5 of the Dungeon
  4269 | D:5      | Noticed a black bear
  4281 | D:4      | Reached skill level 5 in Spellcasting
  4281 | D:4      | Reached skill level 6 in Air Magic
  4281 | D:4      | Reached XP level 7. HP: 22/59 MP: 0/14
  4550 | D:5      | Reached * piety under Vehumet
  4550 | D:5      | Offered knowledge of Kiss of Death by Vehumet.
  4823 | D:5      | Reached skill level 7 in Air Magic
  4987 | D:5      | Found a bloodstained altar of Trog.
  5028 | D:5      | Reached XP level 8. HP: 67/67 MP: 7/17
  5138 | D:5      | Slain by an orc warrior

Illustrated notes

Levels and vault maps discovered:
D:1:      lightli_iron_boxes, layout_loops_corners
D:2:      layout_basic, basic_ecumenical_altar, serial_shops, shop, st_stairs_3
D:3:      layout_loops_ring, vehumet_statue, wad_rectangle_vault, uniq_natasha
D:4:      layout_cave_pools, minmay_temple_entry_butterflies,
          nicolae_elevator_lobby_plus
D:5:      layout_rooms, trog_book, jmf_multi_god_temple

Skill      XL: |  1  2  3  4  5  6  7 |
---------------+----------------------+-----
Air Magic      | 3 4 5 6 7 |  7.3
Spellcasting   | 3 4 5 6 |  6.2
Dodging        | |  1.7
Stealth        | |  1.4
Conjurations   | |  0.8

Action                     |  1- 3 |  4- 6 |  7- 9 || total
---------------------------+-------+-------+-------++-------
  Melee: Staff             |    24 |    19 |     3 ||    46
         Headbutt          |     4 |     2 |     6 ||    12
         Flail             |       |       |    30 ||    30
   Cast: Shock             |    58 |    65 |    21 ||   144
         Static Discharge  |       |    22 |     7 ||    29
         Airstrike         |       |     9 |    13 ||    22
    Use: Scroll            |       |    10 |     2 ||    12
         Potion            |       |     1 |     1 ||     2
 Armour: Robe              |    32 |    62 |    50 ||   144
  Dodge: Dodged            |    21 |    29 |    32 ||    82

Table legend: (Time is in decaauts)
 A = Elapsed time spent in this place.
 B = Non-inter-level travel time spent in this place.
 C = Inter-level travel time spent in this place.
 D = Time resting spent in this place.
 E = Time spent auto-exploring this place.
 F = Levels seen in this place.
 G = Mean time per level.
                   A        B        C        D        E       F      G
               +--------+--------+--------+--------+--------+-----+--------+
         Total |   5158 |   5010 |    148 |    351 |   3979 |   5 | 1031.6 |
       Dungeon |   5158 |   5010 |    148 |    351 |   3979 |   5 | 1031.6 |
               +--------+--------+--------+--------+--------+-----+--------+

Top non-repeatable levels by time:
     D:1: 1472 daAuts
     D:4: 1254 daAuts
     D:3: 1139 daAuts
     D:2: 769 daAuts
     D:5: 523 daAuts
